 Dungeon Crawl Stone Soup version 0.27-a0-1431-gcffa5a9b16 (webtiles) character file.

Game seed: 10614872231264574563

211 pyrow613 the Shield-Bearer (level 6, -3/49 HPs)
             Began as a Formicid Fighter on July 2, 2021.
             Slain by an ogre (25 damage)
             ... on level 3 of the Dungeon.
             The game lasted 00:05:41 (3438 turns).

pyrow613 the Shield-Bearer (Formicid Fighter)       Turns: 3438, Time: 00:05:41

Health: -3/49      AC:  7    Str: 23    XL:     6   Next: 13%
Magic:  6/6        EV:  8    Int:  7    God:
Gold:   57         SH: 10    Dex: 10    Spells: 5/5 levels left

rFire    . . .     SeeInvis +   a - +0 war axe
rCold    . . .     Faith    .   c - +0 kite shield
rNeg     . . .     Spirit   .   b - +0 scale mail
rPois    .         Reflect  .   (helmet unavailable)
rElec    .         Harm     .   (no cloak)
rCorr    .         Rampage  .   (no gloves)
Will     .....                  (no boots)
Stlth    ..........             (no amulet)
HPRegen  0.16/turn              (no ring)
MPRegen  0.10/turn              (no ring)

@: no status effects
A: permanent stasis, dig shafts and tunnels, antennae 3, four strong arms
a: Dig, Shaft Self


You were on level 3 of the Dungeon.
You visited 1 branch of the dungeon, and saw 4 of its levels.

You collected 57 gold pieces.

Inventory:

Hand Weapons
 a - a +0 war axe (weapon)
Missiles
 m - 4 poisoned darts
Armour
 b - a +0 scale mail (worn)
 c - a +0 kite shield (worn)
Scrolls
 e - 2 scrolls of silence {unknown}
 f - 3 scrolls of teleportation {unknown}
 h - 3 scrolls of identify
 i - a scroll of blinking {unknown}
 j - a scroll of enchant armour {unknown}
Potions
 d - a potion of might
 g - 2 potions of curing
 k - a potion of mutation {unknown}
 l - a potion of lignification {unknown}


   Skills:
 + Level 4.3 Fighting
 * Level 4.0 Axes
 + Level 4.2 Armour
 + Level 4.6 Shields


You had 5 spell levels left.
You didn't know any spells.
Your spell library contained the following spells:

 Spells                   Type           Power      Damage    Failure   Level
 Dazzling Flash           Conj/Hex       0%         N/A       100%        3
 Iskenderun's Mystic Bla  Conj/Tloc      0%         2d3       100%        4
 Starburst                Conj/Fire      0%         8x6d3     100%        6


Dungeon Overview and Level Annotations

Branches:
Dungeon (4/15)
 Temple: D:4-7

Altars:

Shops:
D:4 (


Innate Abilities, Weirdness & Mutations

You cannot be hasted, slowed, berserked, paralysed or teleported.
You can dig through walls and to a lower floor.
You have a pair of large antennae on your head. (SInv)
Your four strong arms can wield two-handed weapons with a shield.


Message History

You sense a monster nearby.
Found a garnet ring.
There is a stone staircase leading down here.
You sense a monster nearby.
A jackal comes into view.
The jackal barks!
You hear a shout!
An ogre comes into view. It is wielding a +0 giant club.
You hear a shout!
You slash the jackal!
You kill the jackal!
Your Axes skill increases to level 4!
You slash the ogre!
The ogre is moderately wounded.
You block the ogre's attack.
A gnoll comes into view. It is wielding a +1 antimagic whip.
You barely miss the ogre.
The ogre is moderately wounded.
The ogre hits you with a +0 giant club!
A wight comes into view. It is wielding a +3 dire flail.
You barely miss the ogre.
The ogre is moderately wounded.
You block the ogre's attack.
The gnoll hits you with a +1 antimagic whip.
You feel your power leaking away.
The ogre hits you with a +0 giant club!!
* * * LOW HITPOINT WARNING * * *
The teleport trap disappears.
The wight disappears!
The gnoll drinks a potion.
The gnoll flickers and vanishes for a moment.
There is an entrance to Xaarep's Weapon Boutique here.
You block the ogre's attack.
There is a stone staircase leading up, spattered with blood here.
You block the ogre's attack.
You climb upwards.
You block the ogre's attack.
There is a stone staircase leading down, spattered with blood here.
You slash the ogre!
The ogre is heavily wounded.
You slash the ogre!
The ogre hits you with a +0 giant club!!
Ouch! That really hurt!
You die...

.# ##### #.# # .#
#.# # ## #.# #
########## #.# #
.........#
##########.# #
###......####
#..........# #
###.........#
#.........## #
............#
#.O.#####.#
###)........###(@##
#.#
...............O.#
#.#########
#####.......###.##
#..........
#.......###.#
###########
#...........#
######....>######
...........#
############


You could see 2 ogres.

Vanquished Creatures
  A phantom (D:3)
  An iguana (D:4)
  2 adders
  An adder skeleton (D:4)
  2 worms
  4 dart slugs
  An orc (D:3)
  4 endoplasms
  3 giant cockroaches (D:2)
  7 goblins
  5 hobgoblins
  8 jackals
  7 kobolds
  4 quokkas
  8 ball pythons
  8 bats
  2 frilled lizards (D:2)
  4 rats
72 creatures vanquished.

Notes
Turn   | Place    | Note
-------+----------+-------------------------------------------
     0 | D:1      | pyrow613 the Formicid Fighter began the quest for the Orb.
     0 | D:1      | Reached XP level 1. HP: 18/18 MP: 1/1
   234 | D:1      | Reached XP level 2. HP: 23/24 MP: 2/2
   561 | D:1      | Reached XP level 3. HP: 29/29 MP: 3/3
   871 | D:1      | Found a faded altar of an unknown god.
  1555 | D:2      | Reached XP level 4. HP: 33/37 MP: 4/4
  2552 | D:4      | Reached XP level 5. HP: 40/42 MP: 5/5
  2560 | D:4      | Noticed a phantom
  2588 | D:3      | Killed a phantom
  2779 | D:4      | Reached XP level 6. HP: 49/49 MP: 6/6
  2782 | D:4      | Noticed an ogre
  3248 | D:4      | Found Xaarep's Weapon Boutique.
  3354 | D:4      | Noticed an ogre
  3438 | D:3      | Slain by an ogre

Illustrated notes

Levels and vault maps discovered:
D:1:      shiori_arrival_elements, layout_basic,
          hellmonk_ecumenical_altar_heavens_door
D:2:      layout_basic, kennysheep_generic_room_7
D:3:      layout_loops_ring, minmay_misc_feat_doors
D:4:      layout_cave_pods, serial_shops, nicolae_diamond_shop,
          hangedman_decor_growths, minmay_circle_x, uniq_duvessa

Skill      XL: |  1  2  3  4  5  6 |
---------------+-------------------+-----
Shields        | 4 |  4.6
Axes           | 3 4 |  4.0
Fighting       | 4 |  4.3
Armour         | 4 |  4.2

Action                   |  1- 3 |  4- 6 || total
-------------------------+-------+-------++-------
Melee: War axe           |    99 |   120 ||   219
  Use: Scroll            |       |     1 ||     1
Armor: Scale mail        |    45 |    47 ||    92
Dodge: Dodged            |    51 |    43 ||    94
Block: Kite shield       |    72 |    78 ||   150

Table legend: (Time is in decaauts)
 A = Elapsed time spent in this place.
 B = Non-inter-level travel time spent in this place.
 C = Inter-level travel time spent in this place.
 D = Time resting spent in this place.
 E = Time spent auto-exploring this place.
 F = Levels seen in this place.
 G = Mean time per level.
                   A        B        C        D        E       F      G
               +--------+--------+--------+--------+--------+-----+--------+
         Total |   3552 |   3512 |     40 |    437 |   2345 |   4 |  888.0 |
       Dungeon |   3552 |   3512 |     40 |    437 |   2345 |   4 |  888.0 |
               +--------+--------+--------+--------+--------+-----+--------+

Top non-repeatable levels by time:
     D:1: 1384 daAuts
     D:3: 1006 daAuts
     D:2: 688 daAuts
     D:4: 472 daAuts
